 Dungeon Crawl Stone Soup version 0.23.2-40-g277498a001 (webtiles) character file.

Game seed: 8082041177816805447

3088 McKennaii the Cleaver (level 9, -3/69 HPs)
             Began as a Demonspawn Fighter on Oct 22, 2019.
             Was a Follower of Makhleb.
             Killed by divine providence
             ... invoked by an orc priest
              (12 damage)
             ... on level 7 of the Dungeon.
             The game lasted 00:28:08 (8277 turns).

McKennaii the Cleaver (Demonspawn Fighter)          Turns: 8277, Time: 00:28:09

Health: -3/69      AC: 13    Str: 19    XL:     9   Next: 59%
Magic:  18/18      EV:  6    Int: 10    God:    Makhleb [*.....]
Gold:   375        SH:  9    Dex: 13    Spells: 8/8 levels left

rFire    . . .     SeeInvis .   a - +0 war axe
rCold    . . .     Gourm    .   c - +0 shield
rNeg     . . .     Faith    .   r - +0 chain mail
rPois    .         Spirit   .   (no helmet)
rElec    .         Reflect  .   b - +0 cloak
rCorr    .         Harm     .   (no gloves)
MR       .....                  (no boots)
Stlth    ..........             (no amulet)
HPRegen  0.21/turn              p - ring of magical power
MPRegen  0.16/turn              (no ring)

@: about to teleport
A: claws 2, slimy green scales 1, demonic guardian 1
a: Renounce Religion


You were on level 7 of the Dungeon.
You worshipped Makhleb.
Makhleb was aware of your devotion.
You were hungry.

You visited 2 branches of the dungeon, and saw 8 of its levels.
You also visited: Sewer.

You collected 501 gold pieces.
You spent 126 gold pieces at shops.

Inventory:

Hand Weapons
 a - a +0 war axe (weapon)
Armour
 b - a +0 cloak (worn)
 c - a +0 shield (worn)
 r - a +0 chain mail (worn)
Jewellery
 p - a ring of magical power (left claw)
Wands
 d - a wand of random effects (16)
 x - a wand of scattershot (7)
 y - a wand of clouds (6)
Scrolls
 e - 2 scrolls of magic mapping
 g - a scroll of fog
 i - 4 scrolls of remove curse
 j - a scroll of teleportation
 l - 3 scrolls of identify
 m - 2 scrolls of enchant weapon {unknown}
 o - 4 scrolls of amnesia {unknown}
 q - 2 scrolls of fear {unknown}
 w - a scroll of immolation {unknown}
 A - 2 scrolls of enchant armour {unknown}
Potions
 h - 2 potions of flight
 k - 6 potions of brilliance
 n - 2 potions of mutation {unknown}
 s - 4 potions of heal wounds {unknown}
 t - 4 potions of curing
 u - 4 potions of degeneration {unknown}
 v - 2 potions of berserk rage {unknown}
Comestibles
 f - 11 rations


   Skills:
 * Level 6.3 Fighting
 * Level 8.4 Axes
 * Level 7.0 Armour
 + Level 1.6 Dodging
 + Level 0.8 Stealth
 + Level 4.3 Shields


You had 8 spell levels left.
You didn't know any spells.
Your spell library was empty.

Dungeon Overview and Level Annotations

Branches:
Dungeon (7/15)             Temple (1/1) D:5

Altars:
Dithmenos
Elyvilon
Fedhas
Gozag
Hepliaklqana
Kikubaaqudgha
Makhleb
Nemelex Xobeh
Okawaru
Qazlal
Ru
Trog
Uskayaw
Vehumet
Wu Jian
Xom
Yredelemnul
Zin
The Shining One

Shops:
D:4 *


Innate Abilities, Weirdness & Mutations

You have very sharp fingernails.
You are partially covered in slimy green scales. (AC +2)
A weak demonic guardian rushes to your aid.


Message History

An orc priest comes into view. It is wielding a +0 falchion.
The orc priest shouts!
You slash the jelly!
You kill the jelly!
Makhleb accepts your kill.
You hit the orc warrior but do no damage.
You hear a shout!
The orc warrior hits you with a +0 battleaxe!!
The orc warrior hits your white imp with a +0 battleaxe!!
Your white imp dies!
The orc priest invokes the aid of Beogh against you.
Beogh smites you! The orc hits you but does no damage.
You hear a shout!
As you read the scroll of teleportation, it crumbles to dust.
You feel strangely unstable.
The orc warrior hits you with a +0 battleaxe!
* * * LOW HITPOINT WARNING * * *
The orc priest mumbles some strange prayers to Beogh against you.
Beogh smites you!
You die...

#####.# #######
#.<.#.##.......
+...'..#.......#
#...#..#........
#...#..#........
#...#...#'# ....
...........#.....
............'.....
....o......@.#.....
....##.....oo# ....
. ####....# ...
##.... . ......
.###.### # #. #


You could see an orc warrior, an orc priest and an orc.

Vanquished Creatures
  An ugly thing (D:6)
  A hippogriff (D:6)
  Sigmund (D:5)
  An ice beast (D:6)
  A necrophage (D:6)
  3 phantoms
  An ogre (D:4)
  4 centaurs
  A big kobold (Sewer)
  3 bullfrogs
  A water moccasin skeleton (D:6)
  A killer bee (D:6)
  2 howler monkeys (D:6)
  3 crimson imps
  A centaur zombie (D:6)
  2 hounds
  2 bullfrog zombies (D:6)
  3 jellies
  5 orc wizards
  Crazy Yiuf (D:4)
  2 bullfrog skeletons
  A centaur skeleton (D:6)
  Jessica (D:2)
  Ijyb (D:5)
  2 iguanas
  3 worker ants
  A hound zombie (D:6)
  3 worker ant zombies
  4 gnolls (D:3)
  8 adders
  A river rat (Sewer)
  2 shadow imps (D:7)
  An adder skeleton (D:7)
  2 worms
  3 dart slugs
  3 leopard geckos
  9 orcs
  5 bats
  3 giant cockroaches
  9 goblins
  8 hobgoblins
  9 jackals
  6 kobolds
  A quokka (D:7)
  A giant cockroach zombie (D:5)
  8 rats
135 creatures vanquished.

Vanquished Creatures (collateral kills)
  An ogre (D:5)
  A bullfrog (D:6)
  A jelly (D:6)
3 creatures vanquished.

Vanquished Creatures (others)
  An orc (D:5)
1 creature vanquished.

Grand Total: 139 creatures vanquished

Notes
Turn   | Place    | Note
-------+----------+-------------------------------------------
     0 | D:1      | McKennaii the Demonspawn Fighter began the quest for the
                  | Orb.
     0 | D:1      | Reached XP level 1. HP: 18/18 MP: 1/1
   107 | D:1      | Gained mutation: You have sharp fingernails. [demonic
                  | ancestry]
   107 | D:1      | Reached XP level 2. HP: 11/24 MP: 2/2
   114 | D:1      | Reached skill level 2 in Axes
   948 | D:1      | Gained mutation: You have very sharp fingernails. [demonic
                  | ancestry]
   948 | D:1      | Reached XP level 3. HP: 9/29 MP: 3/3
  1878 | D:2      | Reached XP level 4. HP: 35/35 MP: 4/4
  1939 | D:2      | Noticed Jessica
  1949 | D:2      | Killed Jessica
  1949 | D:2      | Reached skill level 3 in Axes
  2387 | D:3      | Gained mutation: You are partially covered in slimy green
                  | scales. (AC +2) [demonic ancestry]
  2387 | D:3      | Reached XP level 5. HP: 29/41 MP: 5/5
  2634 | D:3      | Found a shadowy altar of Dithmenos.
  3106 | D:4      | Found Nucoz's General Store.
  3175 | D:4      | Found a glowing drain.
  3255 | Sewer    | Entered a sewer
  3543 | Sewer    | Reached skill level 4 in Axes
  3543 | Sewer    | Reached XP level 6. HP: 39/48 MP: 6/6
  3562 | Sewer    | Found a white marble altar of Elyvilon.
  3685 | D:4      | Bought a potion of curing for 36 gold pieces
  3685 | D:4      | Bought a scroll of blinking for 90 gold pieces
  3915 | D:4      | Found a runed translucent door.
  3916 | D:4      | Noticed Crazy Yiuf
  4027 | D:4      | Reached skill level 5 in Axes
  4027 | D:4      | Gained mutation: A weak demonic guardian rushes to your
                  | aid. [demonic ancestry]
  4027 | D:4      | Reached XP level 7. HP: 38/54 MP: 7/7
  4660 | D:4      | Killed Crazy Yiuf
  4881 | D:5      | Entered Level 5 of the Dungeon
  4888 | D:5      | Found a staircase to the Ecumenical Temple.
  4895 | Temple   | Entered the Ecumenical Temple
  5240 | Temple   | Became a worshipper of Makhleb the Destroyer
  5524 | D:5      | Noticed Sigmund
  5534 | D:5      | Killed Sigmund
  5534 | D:5      | Reached skill level 5 in Armour
  5534 | D:5      | Reached skill level 1 in Dodging
  5610 | D:5      | Reached XP level 8. HP: 60/61 MP: 8/8
  5624 | D:5      | Noticed Ijyb
  5643 | D:5      | Killed Ijyb
  6202 | D:6      | Reached skill level 6 in Axes
  6303 | D:6      | Reached skill level 5 in Fighting
  6473 | D:6      | Reached * piety under Makhleb
  6509 | D:6      | Reached skill level 7 in Axes
  7180 | D:6      | Reached XP level 9. HP: 57/68 MP: 9/9
  7399 | D:7      | Found a white marble altar of Elyvilon.
  7400 | D:7      | Found a hazy altar of Hepliaklqana.
  7739 | D:7      | Noticed a red ugly thing
  7760 | D:6      | Killed a red ugly thing
  7760 | D:6      | Reached skill level 8 in Axes
  8102 | D:7      | Noticed a gargoyle
  8277 | D:7      | Killed from afar by an orc priest

Skill      XL: |  1  2  3  4  5  6  7  8  9 |
---------------+----------------------------+-----
Armour         | 3 4 5 6 7 |  7.0
Axes           | 2 3 4 5 7 8 |  8.4
Shields        | 3 4 |  4.3
Fighting       | 4 5 6 |  6.3
Dodging        | 1 |  1.6
Stealth        | |  0.8

Action                   |  1- 3 |  4- 6 |  7- 9 || total
-------------------------+-------+-------+-------++-------
Melee: War axe           |   130 |   172 |   390 ||   692
Evoke: Wand              |       |       |     2 ||     2
  Use: Potion            |       |     4 |     2 ||     6
       Scroll            |       |     1 |     5 ||     6
  Eat: Chunk             |     2 |     7 |     8 ||    17
       Ration            |       |       |     2 ||     2
Armor: Scale mail        |   105 |    28 |       ||   133
       Chain mail        |       |    54 |   245 ||   299
Dodge: Dodged            |    63 |    38 |    76 ||   177
Block: Shield            |    86 |    67 |   209 ||   362
